 Dungeon Crawl Stone Soup version 0.19-a0-1553-g64c24c3 (webtiles) character file.

148397 Charly the Basher (level 17, -5/104 HPs)
             Began as a Gargoyle Earth Elementalist on Sept 13, 2016.
             Was the Champion of Cheibriados.
             Slain by a vampiric lajatang (7 damage)
             ... on level 2 of the Elven Halls on Sept 14, 2016.
             The game lasted 02:42:09 (7281 turns).

Charly the Basher (Gargoyle Earth Elementalist)     Turns: 7281, Time: 02:42:10

Health: -5/104     AC: 33    Str: 29    XL:     17   Next: 49%
Magic:  28/29      EV: 15    Int: 32    God:    Cheibriados [******]
Gold:   735        SH:  5    Dex: 25    Spells: 9 memorised, 5 levels left

rFire  + . .     SeeInvis .     a - +6 great mace (flame)
rCold  + + .     Gourm    .     A - +1 scale mail {rF+}
rNeg   + . .     Faith    .     (shield currently unavailable)
rPois  ∞         Spirit   .     (no helmet)
rElec  +         Dismiss  .     J - +2 cloak {MR+}
rCorr  .         Reflect  +     y - +2 pair of gloves
MR     ++...     Harm     .     (no boots)
Stlth  ..........               o - amulet "Myol" {Reflect rElec rC++ Int-4 Slay+3 SH+5}
                                H - +2 ring of evasion
                                p - +4 ring of protection

@: silence, flying, very slow
A: big wings, negative energy resistance 1, electricity resistance, unbreathing,
petrification resistance, rot immunity, AC +12
a: Stop Flying, Renounce Religion


You were on level 2 of the Elven Halls.
You worshipped Cheibriados.
Cheibriados was exalted by your worship.
You were not hungry.

You visited 5 branches of the dungeon, and saw 26 of its levels.
You also visited: Volcano.

You collected 2111 gold pieces.
You spent 1376 gold pieces at shops.

Inventory:

Hand Weapons
 a - a +6 great mace of flaming (weapon)
 l - a +2 vampiric demon whip
 s - a +2 whip of distortion
 w - a +2 eveningstar of protection
Missiles
 b - 182 stones (quivered)
Armour
 h - a +1 plate armour of fire resistance
 r - a troll hide {Snorg}
 y - a +2 pair of gloves (worn)
 A - a +1 scale mail of fire resistance (worn)
 J - a +2 cloak of magic resistance (worn)
 K - a +2 chain mail of fire resistance
Jewellery
 c - an uncursed ring of ice
 f - an uncursed ring of fire
 n - an uncursed ring of positive energy
 o - the amulet "Myol" (around neck) {Reflect rElec rC++ Int-4 Slay+3 SH+5}
   (You bought it in a shop on level 2 of the Orcish Mines)

   [amulet of reflection]

   It shields you and reflects attacks.
   It affects your intelligence (-4).
   It affects your accuracy and damage with ranged weapons and melee attacks
   (+3).
   It greatly protects you from cold.
   It insulates you from electricity.
   It affects your SH (+5).
 p - a +4 ring of protection (left hand)
 H - a +2 ring of evasion (right hand)
Wands
 k - a wand of heal wounds (0/9)
Scrolls
 e - 6 scrolls of amnesia
 g - 5 scrolls of remove curse
 j - a scroll of recharging
 m - a scroll of fog
 t - a scroll of enchant weapon
 v - a scroll of enchant armour
Potions
 i - 5 potions of curing
 q - a potion of might
 u - 6 potions of lignification
Books
 G - a book of the Dragon

   Spells                             Type                      Level
   a - Flame Tongue                   Conjuration/Fire             1
   b - Cause Fear                     Hexes                        4
   c - Bolt of Fire                   Conjuration/Fire             6
   d - Dragon Form                    Transmutation                7
   e - Dragon's Call                  Summoning                    9
Miscellaneous
 z - a lamp of fire
 F - a phial of floods
Comestibles
 d - 5 bread rations
 x - 6 meat rations


   Skills:
 - Level 10.9 Fighting
 - Level 14.8 Maces & Flails
 - Level 9.1 Armour
 - Level 3.5 Dodging
 - Level 2.1 Stealth
 + Level 8.9 Spellcasting
 + Level 7.9 Hexes
 - Level 2.0 Translocations
 - Level 0.7 Transmutations
 + Level 7.3 Air Magic
 - Level 14.5 Earth Magic
 - Level 5.0 Invocations


You had 5 spell levels left.
You knew the following spells:

 Your Spells              Type           Power        Failure   Level  Hunger
a - Stone Arrow           Conj/Erth      ######       1%          3    None
b - Sandblast             Erth           ######       0%          1    None
d - Lee's Rapid Deconstr  Erth           #######...   1%          5    ###....
p - Passwall              Tmut/Erth      ######....   1%          2    None
B - Summon Butterflies    Summ           ##......     10%         1    None
D - Deflect Missiles      Chrm/Air       #####.....   99%         6    #####..
P - Petrify               Tmut/Erth      ######..     3%          4    None
Q - Silence               Hex/Air        ######....   10%         5    ###....
Z - Apportation           Tloc           ####......   2%          1    None


Dungeon Overview and Level Annotations

Branches:
Dungeon (15/15)            Temple (1/1) D:4            Lair (6/6) D:10
 Spider (0/4) Lair:3          Orc (2/2) D:9             Elf (2/3) Orc:2
  Swamp: Lair:2-4    Shoals: Lair:2-4     Slime: Lair:5-6    Vaults: D:13-14
 Depths: D:15

Altars:
Ashenzari
Cheibriados
Elyvilon
Fedhas
Hepliaklqana
Makhleb
Okawaru
Qazlal
Sif Muna
Trog
Uskayaw
Xom
Yredelemnul
Zin
Beogh
Lugonu

Shops:
D:9 :   D:14 =   Orc:2 *(=[   Elf:2 [

Portals:
Trove: D:12 (give 16 potions of curing)

Annotations:
D:2 Natasha
D:4 Robin, Sigmund
D:14 exclusion: downstairs
D:15 Louise
Lair:1 exclusion: downstairs
Lair:4 Rupert
Lair:5 exclusions: downstairs and upstairs


Innate Abilities, Weirdness & Mutations

You are resistant to torment.
Your stone body is resilient. (AC +12)
You are immune to poison.
Your large and strong wings let you fly indefinitely.
You resist negative energy. (rN+)
You are resistant to electric shocks. (rElec)
You can survive without breathing.
You are immune to petrification.
You are immune to rotting.


Message History

You beat the halberd of chopping like a drum!!!
You burn the halberd of chopping.
The halberd of chopping falls from the air.
Cheibriados appreciates the change of pace.
The vampiric lajatang hits you!!
* * * LOW HITPOINT WARNING * * *
Unknown command.
You closely miss the vampiric lajatang.
The deep elf mage hits you but does no damage.
The vampiric lajatang hits you!!
* * * LOW HITPOINT WARNING * * *
Unknown command.
Okay, then.
You miss the vampiric lajatang. The vampiric lajatang misses you.
The deep elf mage barely misses you.
Unknown command.
You thump the vampiric lajatang!
The vampiric lajatang is heavily damaged.
The vampiric lajatang hits you!
You die...

.........
..........
.........#
.........## ...
.........##
...............#
...... #..)..#
...... #)e@#
......# ##(.##
.......###.)..##
........#......#
..............##
.............##
.##(..##.....##
##. ##.....##
##########
##.....#


You could see a deep elf mage and a vampiric lajatang.

Vanquished Creatures
  Asterion (Elf:1)
  Kirke (D:12)
  Agnes (D:14)
  Snorg (Lair:3)
  A fire dragon (Lair:6)
  Josephine (D:13)
  An ice dragon (Lair:6)
  7 hydras
  3 centaur warriors
  A death knight (D:11)
  7 dancing weapons
  A death yak (Lair:6)
  A queen ant (Lair:2)
  An orc high priest (Orc:2)
  Urug (D:11)
  3 deep elf knights
  Sonja (Lair:4)
  2 unseen horrors (D:13)
  A wizard (D:14)
  2 deep elf archers (Elf:1)
  A lindwurm (Lair:6)
  3 orc sorcerers (Orc:2)
  4 orc knights
  16 deep elf magi
  2 ugly things (D:13)
  2 manticores
  A centaur zombie (D:11)
  A cyclops (D:11)
  A griffon (D:13)
  Maurice (D:12)
  5 black mambas
  Psyche (D:11)
  3 elephants (Lair:6)
  8 spiny frogs
  6 torpor snails (Lair:6)
  2 gargoyles
  A demonic crawler (Lair:3)
  6 komodo dragons
  A rime drake (Lair:2)
  3 trolls
  4 giant leeches (Lair:6)
  8 blink frogs (Lair:6)
  6 slime creatures
  2 two-headed ogres
  A meliai zombie (D:13)
  A wyvern (D:11)
  5 wraiths
  A fire elemental (Elf:1)
  31 yaks
  4 hogs
  6 hippogriffs
  6 vampire mosquitoes (D:13)
  2 basilisks
  4 hungry ghosts
  4 steam dragons
  Grum (D:11)
  4 fire bats
  2 mottled dragons
  2 wargs (Orc:2)
  A hell hound (Volcano)
  5 soldier ants
  6 water moccasins
  8 porcupines
  2 swamp drakes (Lair:6)
  24 orc warriors
  5 sky beasts
  3 ice beasts
  8 wasps
  A boggart (D:13)
  A black bear (D:13)
  3 phantoms
  12 wolves
  A necrophage (D:12)
  7 ogres
  7 centaurs
  10 crocodiles
  2 big kobolds
  14 giant frogs
  An earth elemental (Elf:2)
  A wyvern zombie (D:13)
  3 scorpions
  7 killer bees
  A wight (D:13)
  3 howler monkeys (D:8)
  5 crimson imps
  3 giant frog zombies
  A quasit (D:8)
  3 centaur skeletons
  3 giant frog skeletons
  3 hounds
  6 jellies
  14 orc priests
  20 orc wizards
  11 iguanas
  22 worker ants
  6 hell rats (Lair:3)
  A hound zombie (D:10)
  A worker ant zombie (D:10)
  3 gnolls (D:3)
  5 adders
  11 river rats
  2 shadow imps
  An adder zombie (D:9)
  A worm (Lair:3)
  3 dart slugs (D:1)
  50 orcs
  2 bats
  6 giant cockroaches
  4 goblins
  5 hobgoblins
  6 jackals
  3 quokkas
  A frilled lizard (D:3)
  3 kobolds
  A rat (D:3)
  A plant (Lair:6)
543 creatures vanquished.

Vanquished Creatures (collateral kills)
  Saint Roka (Orc:2)
1 creature vanquished.

Vanquished Creatures (others)
  A deep elf knight (Elf:1)
  A vampire (D:13)
  A human (D:12)
  A centaur (Volcano)
  A worker ant (D:12)
  7 fungi
  23 plants
35 creatures vanquished.

Grand Total: 579 creatures vanquished

Notes
Turn   | Place    | Note
-------+----------+-------------------------------------------
     0 | D:1      | Charly the Gargoyle Earth Elementalist began the quest for the Orb.
     0 | D:1      | Reached XP level 1. HP: 10/10 MP: 3/3
   127 | D:1      | Reached XP level 2. HP: 14/15 MP: 0/5
   268 | D:2      | Noticed Natasha
   272 | D:2      | Reached skill level 5 in Earth Magic
   272 | D:2      | Reached XP level 3. HP: 11/19 MP: 0/6
   326 | D:1      | Learned a level 3 spell: Stone Arrow
   536 | D:3      | Reached XP level 4. HP: 15/24 MP: 0/7
   551 | D:3      | Learned a level 2 spell: Passwall
   621 | D:3      | Found a hide-covered altar of Uskayaw.
   663 | D:3      | Found an iron altar of Okawaru.
   728 | D:5      | Entered Level 5 of the Dungeon
   738 | D:4      | Found a staircase to the Ecumenical Temple.
   751 | Temple   | Entered the Ecumenical Temple
   765 | Temple   | Became a worshipper of Cheibriados the Contemplative
   812 | D:4      | Noticed Robin
   824 | D:4      | Noticed Sigmund
   856 | D:5      | Noticed a giant frog
   871 | D:5      | Killed a giant frog
   871 | D:5      | Reached XP level 5. HP: 17/28 MP: 1/8
   901 | D:6      | Gained mutation: You are agile. (Dex +2) [potion of mutation]
   901 | D:6      | Gained mutation: Scrolls take you a little longer to read. [potion of mutation]
   901 | D:6      | Gained mutation: You are somewhat resistant to further mutation. [potion of mutation]
   919 | D:6      | Found a stormy altar of Qazlal.
   967 | D:7      | Noticed an ogre
   979 | D:7      | Lost mutation: You are agile. (Dex +2) [mutagenic glow]
   980 | D:7      | Killed an ogre
   980 | D:7      | Reached XP level 6. HP: 32/32 MP: 1/10
   987 | D:7      | Learned a level 5 spell: Lee's Rapid Deconstruction
  1034 | D:7      | Reached XP level 7. HP: 36/36 MP: 0/11
  1035 | D:7      | Upgraded the game from 0.19-a0-1532-g228a5d9 to 0.19-a0-1553-g64c24c3
  1104 | D:7      | wand hw
  1164 | D:8      | Reached * piety under Cheibriados
  1237 | D:8      | Reached XP level 8. HP: 41/41 MP: 5/14
  1249 | D:8      | Reached skill level 10 in Earth Magic
  1609 | D:9      | Reached ** piety under Cheibriados
  1609 | D:9      | Reached skill level 5 in Spellcasting
  1644 | D:9      | Found a basalt altar of Yredelemnul.
  1655 | D:9      | Found a hazy altar of Hepliaklqana.
  1671 | D:9      | Reached XP level 9. HP: 45/45 MP: 9/17
  1706 | D:9      | Found Xoolevia's Book Boutique.
  1709 | D:9      | Found a shimmering altar of Xom.
  1712 | D:10     | Entered Level 10 of the Dungeon
  1744 | D:9      | -####
  1797 | D:9      | Found a roughly hewn altar of Beogh.
  1797 | D:9      | Found a staircase to the Orcish Mines.
  1803 | D:9      | Reached *** piety under Cheibriados
  1841 | Orc:1    | Entered Level 1 of the Orcish Mines
  1924 | D:9      | Reached skill level 1 in Fighting
  2134 | D:10     | Noticed a komodo dragon
  2137 | D:10     | Noticed a troll
  2139 | D:10     | Killed a komodo dragon
  2143 | D:10     | Killed a troll
  2143 | D:10     | Reached XP level 10. HP: 44/56 MP: 9/20
  2216 | D:10     | Learned a level 4 spell: Petrify
  2225 | D:10     | Noticed a centaur warrior
  2238 | D:10     | Noticed a gargoyle
  2239 | D:10     | Killed a gargoyle
  2251 | D:10     | Found a staircase to the Lair.
  2274 | Lair:1   | Entered Level 1 of the Lair of Beasts
  2378 | Lair:1   | Reached **** piety under Cheibriados
  2380 | Lair:1   | Found a dark tunnel.
  2401 | Volcano  | Entered a volcano
  2416 | Volcano  | Reached skill level 5 in Fighting
  2421 | Volcano  | Reached skill level 1 in Invocations
  2425 | Volcano  | Noticed a deep elf mage
  2429 | Volcano  | Killed a deep elf mage
  2515 | Lair:1   | 18/10
  2558 | Lair:2   | Reached skill level 1 in Armour
  2567 | Lair:2   | Reached XP level 11. HP: 60/64 MP: 0/22
  2654 | Lair:2   | Noticed a queen ant
  2655 | Lair:2   | Reached ***** piety under Cheibriados
  2656 | Lair:2   | Reached skill level 1 in Maces & Flails
  2661 | Lair:2   | Killed a queen ant
  2731 | Lair:2   | Reached skill level 5 in Invocations
  2862 | Lair:3   | Found a hole to the Spider Nest.
  2875 | Lair:3   | Noticed a death yak
  2887 | Lair:3   | Reached skill level 5 in Maces & Flails
  2953 | Lair:3   | Noticed a death yak
  2953 | Lair:3   | Noticed a death yak
  2996 | Lair:3   | Noticed Snorg
  3012 | Lair:3   | Killed Snorg
  3151 | Lair:3   | Reached XP level 12. HP: 62/71 MP: 0/23
  3233 | Lair:3   | +4ac
  3235 | Lair:3   | 26/11
  3252 | Lair:4   | Noticed an eight-headed hydra
  3264 | Lair:4   | Killed an eight-headed hydra
  3266 | Lair:4   | Noticed Sonja
  3266 | Lair:4   | Killed Sonja
  3276 | Lair:4   | Reached skill level 10 in Maces & Flails
  3422 | Lair:4   | Noticed Rupert
  3442 | Lair:6   | Entered Level 6 of the Lair of Beasts
  3442 | Lair:6   | Noticed an eight-headed hydra
  3442 | Lair:6   | Noticed a death yak
  3442 | Lair:6   | Noticed a death yak
  3442 | Lair:6   | Noticed a death yak
  3442 | Lair:6   | Noticed a death yak
  3442 | Lair:6   | Noticed a death yak
  3442 | Lair:6   | Noticed a five-headed hydra
  3697 | Lair:6   | Reached ****** piety under Cheibriados
  3728 | Lair:6   | Noticed a fire dragon
  3741 | Lair:6   | Killed a fire dragon
  3747 | Lair:6   | Reached XP level 13. HP: 56/75 MP: 20/24
  3986 | Lair:6   | Found a runed door.
  3987 | Lair:6   | Noticed an ice dragon
  4002 | Lair:6   | Killed an ice dragon
  4231 | Lair:6   | Reached skill level 5 in Armour
  4552 | Lair:3   | SHOAL L3
  4552 | Lair:3   | SLIME L5
  4806 | D:11     | Noticed Psyche
  4807 | D:11     | Killed Psyche
  4827 | D:11     | Noticed Urug
  4834 | D:11     | Killed Urug
  4884 | D:11     | Learned a level 1 spell: Apportation
  4927 | D:11     | Learned a level 5 spell: Silence
  4934 | D:11     | Learned a level 6 spell: Deflect Missiles
  4955 | D:11     | Noticed Grum
  4955 | D:11     | Killed Grum
  4959 | D:11     | Reached skill level 1 in Translocations
  5003 | D:12     | Gained mutation: Your large and strong wings let you fly indefinitely. [Gargoyle growth]
  5003 | D:12     | Reached XP level 14. HP: 84/84 MP: 16/25
  5030 | D:12     | Noticed Kirke
  5041 | D:12     | Noticed Maurice
  5042 | D:12     | Killed Maurice
  5042 | D:12     | Reached skill level 1 in Hexes
  5042 | D:12     | Reached skill level 1 in Air Magic
  5102 | D:12     | Learned a level 1 spell: Summon Butterflies
  5135 | D:12     | Killed Kirke
  5156 | D:12     | Found a portal to a secret trove of treasure.
  5181 | D:13     | Noticed Josephine
  5191 | D:13     | Killed Josephine
  5394 | D:13     | Reached skill level 5 in Hexes
  5562 | D:15     | Entered Level 15 of the Dungeon
  5562 | D:15     | Noticed Louise
  5584 | D:14     | Reached skill level 5 in Air Magic
  5739 | D:14     | Found a deep blue altar of Sif Muna.
  5799 | D:14     | Noticed Agnes
  5857 | D:14     | Found Haxt's Jewellery Emporium.
  5898 | D:14     | Killed Agnes
  6183 | Orc:2    | Entered Level 2 of the Orcish Mines
  6406 | Orc:2    | Reached XP level 15. HP: 87/89 MP: 26/26
  6418 | Orc:2    | Found a roughly hewn altar of Beogh.
  6429 | Orc:2    | Noticed Saint Roka
  6583 | Orc:2    | Reached skill level 10 in Fighting
  6583 | Orc:2    | Reached XP level 16. HP: 28/97 MP: 27/27
  6592 | Orc:2    | Lost mutation: Scrolls take you a little longer to read. [potion of cure mutation]
  6592 | Orc:2    | Lost mutation: You are somewhat resistant to further mutation. [potion of cure mutation]
  6597 | Orc:2    | Reached XP level 17. HP: 29/103 MP: 9/28
  6615 | Orc:2    | Killed Saint Roka
  6683 | Orc:2    | Found Tatzo's Antique Weapon Shoppe.
  6699 | Orc:2    | Found Efot's General Store.
  6721 | Orc:2    | Found Etorawk Ikhla's Jewellery Shoppe.
  6738 | Orc:2    | Found Ozap's Antique Armour Shoppe.
  6762 | Orc:2    | Bought a glowing demon whip for 405 gold pieces
  6782 | Orc:2    | Bought the amulet "Myol" {Reflect rElec rC++ Int-4 Slay+3 SH+5} for 971 gold pieces
  6961 | Orc:2    | Found a staircase to the Elven Halls.
  6969 | Elf:1    | Entered Level 1 of the Elven Halls
  6987 | Elf:1    | Noticed Asterion
  7034 | Elf:1    | Killed Asterion
  7173 | Elf:2    | Found Ami Vif's Armour Emporium.
  7206 | Elf:2    | Found a huge runed gate.
  7206 | Elf:2    | Found a huge runed gate.
  7206 | Elf:2    | Found a huge runed gate.
  7213 | Elf:2    | Found a huge runed gate.
  7215 | Elf:2    | Found a huge runed gate.
  7279 | Elf:2    | HP: 1/104 [vampiric lajatang (19)]
  7281 | Elf:2    | Slain by a vampiric lajatang

Vault maps used:
D:1:      grunt_arrival_crossed_arrows, minmay_misc_feat_nine_boxes,
          minmay_pentomino_t4
D:2:      lemuel_zombie_altar_kikubaaqudgha, first_bread, uniq_natasha
D:3:      eat_drink_and_be_merry_uskayaw, kennysheep_okawaru_gauntlet,
          trog_wizard
D:4:      uniq_sigmund, uniq_robin
D:5:      grunt_temple_overflow_opulence, overflow_temple_1_default
D:6:      grunt_qazlal_clouds, nicolae_ru_the_path_less_chosen
D:7:      gammafunk_temple_overflow_pools
D:8:      old_standard_altar, serial_column_ruins, column_ruins_hut,
          column_ruins_grid_2, column_ruins_columns_straight,
          column_ruins_corridor_T
D:9:      xom_redecorated, nicolae_overflow_hidden_temple,
          yredelemnul_altar_generic, david_orc_5, serial_shops, shop
D:10:     david_lair_shrubbed, hangedman_fish_farm, corexii_corridor_pit,
          st_stairs_6, evilmike_surprise_oklob
D:11:     hangedman_cross_stitches, serial_shops, kennysheep_mini_moat,
          uniq_urug, uniq_psyche, uniq_grum
D:12:     enter_trove_0, kennysheep_treasure_room, uniq_kirke, uniq_maurice
D:13:     hangedman_cross_cluster, uniq_josephine
D:14:     david_vaults_2, minmay_misc_feat_more_columns, basic_altar,
          serial_shops, shop, tgw_lugonu_bribe, uniq_agnes
D:15:     gammafunk_depths_entry_grave, hangedman_abyss_or_decor_clamps,
          uniq_louise
Temple:   corrupted_temple
Lair:1:   nicolae_volcano_entry_batcave, st_stairs_6,
          infiniplex_staircase_pool_2
Lair:2:   minmay_another_anthill
Lair:3:   elwin_shoals_entry_rooms, nicolae_spider_entry_non_spiders,
          beast_lair_carwin_8, uniq_snorg
Lair:4:   grunt_megastairs_3, uniq_rupert, uniq_sonja
Lair:5:   nicolae_slime_entry_slimehenge
Lair:6:   wormcave, guppyfry_lair_end_dragon, grunt_megastairs_1,
          lemuel_fruit_fields
Orc:1:    basic_altar
Orc:2:    grunt_orc_cross, lightli_orcish_oven, uniq_saint_roka
Elf:1:    eino_elf_arrival_sip, hangedman_elf_disciples, tgw_sif, uniq_asterion
Elf:2:    serial_shops, shop, shop_fountains, shop, shop, nicolae_shop_crystal
Volcano:  volcano_village

Skill      XL: |  1  2  3  4  5  6  7  8  9 10 11 12 13 14 15 16 17 |
---------------+----------------------------------------------------+-----
Earth Magic    | 4 5 6 7 8 9 11 13 14 | 14.5
Spellcasting   | 3 4 5 6 7 8 |  8.9
Fighting       | 3 6 8 10 | 10.9
Invocations    | 3 5 |  5.0
Armour         | 2 4 5 6 7 8 9 |  9.1
Maces & Flails | 8 12 14 | 14.8
Dodging        | 3 |  3.5
Translocations | 2 |  2.0
Hexes          | 6 7 |  7.9
Air Magic      | 6 7 |  7.3
Stealth        | |  2.1
Transmutations | |  0.7

Action                   |  1- 3 |  4- 6 |  7- 9 | 10-12 | 13-15 | 16-18 || total
-------------------------+-------+-------+-------+-------+-------+-------++-------
Melee: Unarmed           |     7 |       |       |       |       |       ||     7
       Mace              |     2 |       |   110 |       |       |       ||   112
       Whip              |       |    16 |       |       |       |       ||    16
       Quarterstaff      |       |       |    12 |    32 |       |       ||    44
       Great mace        |       |       |       |   204 |   512 |    85 ||   801
       Demon whip        |       |       |       |       |       |    69 ||    69
 Cast: Sandblast         |    30 |    24 |    72 |    58 |     3 |    21 ||   208
       Stone Arrow       |       |     2 |     2 |    36 |    28 |     8 ||    76
       Lee's Rapid Decon |       |       |     9 |    26 |    44 |     4 ||    83
       Passwall          |       |       |     7 |     4 |    12 |       ||    23
       Petrify           |       |       |       |     8 |     8 |       ||    16
       Apportation       |       |       |       |       |    50 |     7 ||    57
       Silence           |       |       |       |       |       |     1 ||     1
Invok: Slouch            |       |       |       |     4 |     4 |       ||     8
       Temporal Distorti |       |       |       |       |     2 |       ||     2
       Step From Time    |       |       |       |       |     2 |     2 ||     4
 Abil: Fly               |       |       |       |       |     1 |       ||     1
Evoke: Wand              |       |       |       |     3 |    13 |     6 ||    22
       Phial of floods   |       |       |       |       |     1 |     1 ||     2
       Phantom mirror    |       |       |       |       |     1 |       ||     1
       Lamp of fire      |       |       |       |       |       |     1 ||     1
  Use: Scroll            |       |     4 |       |    12 |    13 |     2 ||    31
       Potion            |       |     2 |       |     1 |     5 |     6 ||    14
 Stab: Sleeping          |       |       |     1 |       |     1 |       ||     2
       Petrified         |       |       |       |    11 |    11 |       ||    22
       Distracted        |       |       |       |     2 |     3 |       ||     5
       Petrifying        |       |       |       |     1 |     2 |       ||     3
       Confused          |       |       |       |     1 |       |       ||     1
  Eat: Royal jelly       |       |     1 |       |       |     1 |       ||     2
       Fruit             |       |     3 |       |     3 |       |       ||     6
       Chunk             |       |       |     2 |     6 |     8 |       ||    16
       Beef jerky        |       |       |       |     1 |     1 |       ||     2
       Pizza             |       |       |       |       |     1 |       ||     1
       Bread ration      |       |       |       |       |     1 |     1 ||     2
       Meat ration       |       |       |       |       |       |     1 ||     1
Armor: Robe              |    11 |     8 |    68 |    22 |       |       ||   109
       Scale mail        |       |       |       |   242 |   336 |    60 ||   638
       Troll hide        |       |       |       |     2 |    21 |     5 ||    28
       Chain mail        |       |       |       |       |    45 |     8 ||    53
       Skin              |       |       |       |       |     2 |       ||     2
       Plate armour      |       |       |       |       |       |    12 ||    12
Dodge: Dodged            |    21 |    11 |   115 |   257 |   449 |    79 ||   932
Block: Other             |       |       |       |       |       |    24 ||    24
       Reflection        |       |       |       |       |       |     3 ||     3
